Map: 貝爾石遺跡 - 天梯版(虛空之遺)

Players

TRUE - Winner!

  • Race: Zerg Zerg
  • Spawn Location: 5:00

TIME (Oliveira)

  • Race: Terran Terran
  • Spawn Location: 11:00

Event: WCS Austin 2017

VOD

Have the link to the VOD?

Description

Time

  • Played on: April 28, 2017, 8:08 p.m.
  • Length: 19:31

All games in this series

Show
View Real Time Build Order
Export as new Build Order

TRUE Zerg - Winner!

Build Orders: Hatch First, Muta Ling Bane 

Get SALT Encoding   

  12  0:00  Drone  
  13  0:12  Overlord  
  13  0:16  Drone  
  14  0:30  Drone x2  
  14  0:35  Drone  
  17  0:52  Hatchery  
  17  0:53  Drone  
  17  1:07  Spawning Pool  
  17  1:08  Extractor  
  17  1:11  Drone  
  16  1:14  Drone  
  16  1:18  Drone  
  18  1:28  Drone  
  19  1:38  Overlord  
  19  1:54  Queen  
  19  1:55  Zergling x2  
  19  2:00  Zergling x2  
  23  2:04  Queen, Zergling x2  
  26  2:13  Drone  
  26  2:14  Metabolic Boost  
  26  2:15  Drone  
  28  2:22  Drone  
  29  2:29  Queen  
  29  2:32  Drone x2  
  33  2:37  Drone  
  33  2:43  Overlord  
  34  2:47  Pneumatized Carapace  
  34  2:52  Drone  
  34  2:56  Drone  
  36  3:01  Drone x2  
  36  3:02  Drone  
  36  3:03  Drone  
  40  3:05  Drone  
  40  3:09  Drone  
  42  3:29  Drone x2, Overlord  
  44  3:34  Overlord  
  44  3:35  Zergling x2, Hatchery  
  44  3:37  Overlord  
  44  3:44  Overlord  
  44  3:48  Queen, Overlord  
  44  3:54  Queen  
  48  3:58  Zergling x2  
  48  3:59  Zergling x4  
  51  4:08  Zergling x2  
  51  4:09  Zergling x6  
  56  4:17  Drone  
  56  4:19  Overlord  
  56  4:20  Zergling x8  
  56  4:21  Zergling x2  
  61  4:24  Spore Crawler  
  61  4:25  Spore Crawler  
  55  4:32  Drone x2  
  57  4:40  Drone  
  57  4:42  Drone  
  56  4:46  Drone  
  56  4:48  Drone x2  
  58  4:54  Queen, Zergling x6  
  58  4:55  Queen  
  58  4:56  Zergling x2  
  58  4:57  Zergling x2  
  65  5:03  Zergling x2  
  65  5:05  Zergling x2  
  67  5:09  Queen, Zergling x2  
  67  5:11  Zergling x4  
  72  5:14  Zergling x2  
  72  5:16  Zergling x4  
  72  5:20  Zergling x2  
  72  5:21  Zergling x2  
  69  5:22  Zergling x2  
  69  5:23  Zergling x2  
  69  5:24  Zergling x2  
  69  5:25  Zergling x2  
  69  5:28  Zergling x2  
  66  5:29  Zergling x2  
  66  5:31  Zergling x2  
  65  5:39  Drone  
  65  5:40  Drone  
  65  5:42  Drone  
  62  5:43  Lair  
  62  5:47  Drone  
  62  5:49  Drone  
  64  5:52  Evolution Chamber  
  64  5:55  Drone  
  62  5:58  Drone  
  62  6:01  Drone  
  62  6:02  Spore Crawler  
  62  6:06  Drone  
  62  6:09  Drone  
  64  6:12  Drone x4  
  64  6:13  Drone x3  
  64  6:14  Drone  
  72  6:18  Overlord  
  72  6:19  Extractor  
  72  6:20  Drone, Overlord, Extractor  
  72  6:23  Drone  
  72  6:26  Zerg Ground Armor Level 1  
  72  6:27  Drone  
  72  6:28  Drone  
  74  6:35  Extractor  
  74  6:38  Evolution Chamber  
  74  6:39  Drone  
  73  6:40  Drone x3  
  75  6:48  Drone x2  
  75  6:50  Drone x3  
  75  6:51  Drone x2  
  75  6:52  Drone x2  
  83  6:57  Overseer  
  83  7:00  Zergling x4  
  83  7:01  Zergling x4, Spire  
  86  7:05  Zerg Melee Weapons Level 1  
  86  7:08  Zergling x4  
  88  7:14  Zergling x4  
  88  7:15  Zergling x4, Baneling Nest  
  91  7:18  Zergling x2  
  91  7:22  Zergling x4  
  93  7:27  Drone x2  
  87  7:31  Drone x2  
  88  7:38  Drone  
  88  7:41  Drone x3  
  91  7:44  Drone x2  
  91  7:50  Overlord  
  92  7:51  Extractor  
  92  7:52  Extractor  
  92  7:53  Overlord  
  92  7:54  Overlord  
  92  7:57  Zergling x6  
  92  7:58  Zergling x6  
  95  8:01  Zergling x2  
  95  8:02  Centrifical Hooks  
  95  8:03  Baneling x9  
  95  8:04  Baneling x5  
  95  8:05  Zergling x2  
  98  8:08  Zergling x2  
  99  8:12  Zergling x2  
  99  8:13  Zergling x2  
  99  8:14  Zergling x4  
  99  8:15  Zergling x2  
  99  8:16  Zergling x4  
  99  8:19  Zergling x2  
  106  8:23  Zergling x4  
  106  8:26  Zergling x4  
  108  8:29  Zerg Ground Armor Level 2  
  104  8:36  Mutalisk x2  
  99  8:47  Mutalisk  
  98  8:50  Drone x3  
  101  8:56  Zergling x2  
  101  8:58  Zergling x4  
  101  9:00  Baneling x5  
  101  9:02  Zergling x4  
  106  9:04  Zergling x2  
  106  9:07  Zergling x2  
  106  9:08  Zergling x4  
  106  9:09  Zerg Melee Weapons Level 2  
  110  9:17  Hatchery  
  110  9:18  Zerg Flyer Weapons Level 1  
  110  9:19  Zergling x4  
  110  9:20  Zergling x2  
  110  9:21  Baneling  
  110  9:22  Baneling x3  
  112  9:26  Baneling x3  
  112  9:28  Baneling  
  112  9:30  Zergling x4  
  112  9:31  Zergling x6  
  117  9:32  Zergling x2  
  117  9:33  Zergling x2  
  117  9:36  Zergling x2  
  117  9:37  Zergling x4  
  117  9:38  Zergling x2  
  123  9:44  Mutalisk x2  
  121  9:53  Mutalisk  
  121  9:54  Mutalisk  
  121  9:59  Mutalisk  
  125  10:00  Zergling x18  
  125  10:01  Zergling x2  
  135  10:07  Overseer  
  135  10:09  Zergling x4  
  135  10:11  Zergling x2  
  135  10:12  Hatchery  
  137  10:20  Mutalisk  
  131  10:23  Mutalisk  
  131  10:24  Zergling x2  
  131  10:25  Zergling x2  
  131  10:26  Zergling x4  
  131  10:27  Zergling x2  
  138  10:32  Overlord  
  138  10:35  Overlord  
  135  10:37  Baneling x12  
  135  10:38  Zergling x4  
  126  10:47  Baneling x8  
  126  10:49  Zergling x6  
  115  10:50  Zergling x2  
  115  10:51  Zergling x2  
  115  10:57  Mutalisk x2  
  106  11:03  Mutalisk  
  108  11:10  Zergling x2  
  108  11:11  Zergling x6  
  108  11:12  Baneling  
  108  11:13  Zergling x2, Baneling x4  
  108  11:14  Zergling x6  
  108  11:16  Baneling  
  108  11:17  Zergling x2, Baneling x2  
  108  11:18  Zergling x2  
  112  11:27  Mutalisk  
  112  11:28  Zergling x4  
  111  11:33  Zergling x2  
  111  11:35  Mutalisk  
  111  11:38  Mutalisk  
  106  11:41  Mutalisk  
  105  11:47  Mutalisk  
  105  11:54  Mutalisk  
  105  11:58  Zergling x2  
  105  11:59  Zergling x18, Mutalisk  
  119  12:05  Zergling x2  
  120  12:12  Zergling x4  
  120  12:13  Drone x2, Hatchery  
  120  12:14  Drone  
  120  12:15  Zergling x2  
  125  12:20  Baneling x4  
  125  12:21  Baneling x10  
  125  12:22  Zergling x2  
  126  12:24  Zergling x2  
  126  12:25  Zergling x2  
  126  12:28  Baneling x5  
  127  12:30  Zergling x2  
  127  12:34  Zergling x2  
  127  12:35  Zergling x2  
  127  12:36  Zergling x2  
  125  12:38  Zergling x4, Baneling  
  125  12:39  Baneling x5  
  125  12:40  Zergling x2  
  125  12:41  Zergling x2  
  125  12:42  Zergling x4  
  131  12:46  Baneling x2  
  131  12:47  Baneling x4  
  124  12:51  Zergling x4  
  124  12:52  Zergling x2  
  126  12:59  Mutalisk  
  126  13:03  Mutalisk  
  128  13:08  Hatchery  
  128  13:09  Mutalisk  
  128  13:11  Overlord  
  128  13:13  Mutalisk  
  118  13:20  Mutalisk  
  118  13:26  Zergling x4  
  111  13:28  Zergling x14  
  111  13:30  Drone  
  119  13:36  Baneling x7  
  119  13:43  Drone  
  119  13:45  Zergling x2  
  121  13:49  Baneling  
  121  13:50  Baneling x8  
  121  13:52  Zergling x2  
  121  13:54  Zergling x2  
  123  13:56  Zergling x2  
  124  14:02  Baneling  
  124  14:03  Baneling x6  
  124  14:06  Zergling x6  
  124  14:08  Zergling x4  
  129  14:12  Zergling x4  
  129  14:13  Zergling x4  
  132  14:21  Drone  
  133  14:29  Mutalisk x2  
  127  14:31  Mutalisk  
  127  14:32  Mutalisk x3  
  127  14:35  Mutalisk  
  137  14:42  Zergling x10  
  140  14:50  Zergling x2  
  140  14:51  Zergling x2  
  140  14:52  Zergling x2  
  130  14:53  Zergling x2  
  130  14:54  Zergling x4  
  130  14:56  Zergling x2  
  130  14:57  Zergling x2  
  130  14:58  Drone x3  
  137  15:01  Zergling x2  
  137  15:06  Mutalisk  
  140  15:09  Zergling x4  
  140  15:10  Zerg Flyer Weapons Level 2  
  142  15:19  Zergling x2  
  142  15:20  Zergling x2  
  142  15:32  Overlord x2  
  142  15:33  Overlord  
  137  15:53  Zergling x26  
  137  15:54  Zergling x10  
  138  15:57  Zergling x2  
  138  16:02  Mutalisk  
  138  16:03  Zergling x2  
  138  16:04  Zergling x4  
  141  16:05  Zergling x2  
  141  16:06  Zergling x2  
  143  16:14  Zergling x4  
  143  16:15  Baneling x2  
  143  16:16  Baneling x20  
  143  16:17  Zergling x2  
  145  16:25  Zergling x2  
  137  16:26  Baneling x7  
  137  16:28  Zergling x2  
  137  16:31  Zergling x2  
  139  16:39  Baneling x8  
  134  16:54  Mutalisk  
  134  16:55  Mutalisk x3  
  134  17:07  Hatchery  
  133  17:28  Baneling x11  
  129  17:33  Zergling x2  
  129  17:36  Zergling x16  
  135  17:42  Zergling x4  
  135  17:43  Zergling x2  
  138  17:49  Zergling x2  
  138  17:50  Zergling x2  
  133  17:52  Zergling x4  
  133  17:53  Zergling x2  
  128  18:00  Zergling x4  
  128  18:01  Zergling x6  
  120  18:06  Zergling x4  
  120  18:10  Zergling x4  
  120  18:11  Zergling x2  
  120  18:12  Zergling x2  
  121  18:17  Zergling x4  
  121  18:19  Zergling x2  
  123  18:20  Zergling x2  
  123  18:25  Zergling x4  
  123  18:26  Zergling x2  
  126  18:29  Zergling x2  
  126  18:32  Zergling x4  
  123  18:39  Zergling x4  
  123  18:41  Overseer  
  123  18:45  Zergling x4  
  125  19:07  Baneling x21  
  125  19:08  Baneling  
  122  19:10  Zergling x16  
Show
View Real Time Build Order
Export as new Build Order

TIME Terran 

Build Orders: Reaper Expand, Hellion Banshee, MMM Bio 

Get SALT Encoding   

  12  0:00  SCV  
  13  0:13  SCV  
  14  0:17  Supply Depot  
  14  0:25  SCV  
  14  0:27  Refinery  
  15  0:38  SCV  
  16  0:44  Barracks  
  16  0:50  SCV  
  17  1:03  SCV  
  18  1:15  SCV  
  19  1:31  Orbital Command  
  19  1:32  Reaper  
  20  1:42  Command Center  
  20  1:51  Factory  
  20  1:57  SCV  
  21  2:04  Barracks Reactor  
  21  2:09  SCV  
  21  2:13  Supply Depot, Refinery  
  22  2:21  SCV  
  23  2:35  SCV  
  24  2:43  Starport  
  24  2:46  Hellion x2  
  24  2:47  SCV  
  24  2:50  Barracks Tech Lab  
  29  2:53  Orbital Command  
  29  2:59  SCV  
  30  3:07  Hellion x2  
  30  3:11  SCV  
  35  3:19  SCV  
  36  3:25  SCV  
  37  3:27  Medivac  
  37  3:30  Hellion x2  
  37  3:33  SCV  
  44  3:39  Supply Depot  
  44  3:40  Supply Depot  
  43  3:41  Cloaking Field  
  43  3:43  SCV  
  43  3:45  Marine  
  45  3:49  SCV  
  46  4:01  Hellion, SCV, Banshee  
  54  4:02  Hellion  
  54  4:04  SCV  
  55  4:18  SCV  
  55  4:19  Armory  
  55  4:20  SCV  
  55  4:23  Hellion  
  61  4:24  Hellion  
  61  4:25  Supply Depot  
  61  4:32  SCV  
  62  4:41  SCV  
  62  4:46  Hellion, SCV, Banshee  
  62  4:49  Supply Depot  
  62  4:52  Hellion  
  70  5:04  Barracks Tech Lab  
  70  5:05  Command Center  
  70  5:10  SCV x2  
  70  5:11  Hellion  
  70  5:13  Hellion  
  68  5:24  SCV  
  65  5:31  Banshee  
  65  5:32  Hellion  
  65  5:35  Hellion  
  66  5:40  Marine, Stimpack  
  57  5:43  SCV  
  57  5:44  Barracks  
  57  5:45  Barracks, Command Center  
  57  5:48  Refinery, Engineering Bay, SCV  
  57  5:49  Refinery, Engineering Bay  
  59  5:55  SCV  
  60  6:00  Hellion, SCV  
  60  6:01  Hellion, Marine  
  60  6:07  SCV  
  61  6:12  SCV  
  62  6:20  SCV  
  62  6:22  Terran Infantry Armor Level 1, Terran Infantry Weapons Level 1  
  62  6:23  Marine  
  62  6:24  SCV  
  65  6:25  Starport Reactor  
  65  6:32  SCV  
  66  6:34  Factory Reactor  
  66  6:35  Barracks x2  
  66  6:36  SCV  
  66  6:38  Marine  
  68  6:43  Combat Shields, Marine  
  68  6:44  SCV  
  70  6:47  Marine x2  
  70  6:49  SCV  
  73  6:56  Marine, SCV  
  73  6:59  Orbital Command  
  73  7:01  SCV  
  76  7:03  Marine  
  76  7:04  Medivac x2  
  76  7:07  Supply Depot x2  
  76  7:08  SCV  
  82  7:10  Marine x2  
  82  7:13  SCV  
  85  7:18  Widow Mine x2  
  85  7:20  Marine, SCV  
  91  7:25  SCV  
  91  7:28  Marine  
  87  7:32  Barracks Reactor x2, SCV  
  86  7:38  SCV  
  86  7:41  Marine  
  88  7:44  SCV  
  88  7:46  Marine  
  88  7:47  Marine x2  
  88  7:48  Medivac x2  
  88  7:50  SCV  
  97  7:54  Supply Depot, Orbital Command  
  97  7:55  Supply Depot  
  97  7:56  Widow Mine  
  99  7:59  Marine  
  99  8:01  Barracks  
  99  8:02  Barracks  
  99  8:04  Widow Mine, Marine  
  99  8:05  Marine x2  
  105  8:11  SCV  
  105  8:12  Marine, SCV  
  106  8:13  Marine  
  106  8:16  Marine  
  106  8:18  Marine x2  
  109  8:20  Terran Infantry Weapons Level 2, Terran Infantry Armor Level 2  
  109  8:23  SCV x2  
  111  8:34  SCV  
  101  8:42  SCV x2  
  101  8:44  Widow Mine, Marine x5  
  101  8:45  Widow Mine  
  101  8:46  Medivac  
  109  8:49  Marine  
  109  8:51  Barracks Reactor, Barracks Tech Lab  
  109  8:54  Missile Turret  
  109  8:55  Missile Turret x2  
  110  8:56  Marine  
  110  8:57  Marauder  
  113  9:08  Marine x3  
  113  9:09  Marine x3  
  119  9:11  Supply Depot  
  119  9:12  Supply Depot  
  119  9:13  Supply Depot  
  119  9:14  Marauder  
  119  9:16  Widow Mine x2  
  125  9:25  Supply Depot  
  125  9:32  Marine  
  125  9:33  Marine  
  125  9:35  Marine x2  
  125  9:36  Marauder  
  125  9:37  Marine x2  
  132  9:39  Marine  
  132  9:45  Supply Depot, Medivac x2, Marine x2  
  131  9:53  Supply Depot, Marine  
  131  9:55  Marine  
  131  9:56  Widow Mine x2, Marine x2  
  131  9:59  Marauder, Marine  
  144  10:00  Marauder  
  144  10:02  Marine  
  144  10:05  Command Center  
  145  10:07  Marine  
  145  10:09  Marine x2  
  148  10:14  Marine  
  148  10:15  Supply Depot x2, Marine  
  148  10:16  Marine  
  148  10:21  Marine  
  151  10:25  Marine  
  151  10:26  Marine  
  151  10:28  Marine  
  154  10:29  Marine  
  154  10:30  Marine  
  154  10:32  Marauder  
  155  10:43  Marine  
  155  10:45  Marine  
  155  10:46  SCV  
  155  10:49  Marauder, Marine  
  150  10:51  Marine x2  
  150  10:52  Marauder  
  150  10:53  SCV  
  133  10:57  Marine  
  133  10:58  Marine x2  
  133  10:59  Terran Infantry Weapons Level 3, Marauder  
  133  11:02  Marine  
  133  11:03  Marine  
  134  11:06  Marine  
  134  11:10  Marine  
  134  11:11  Marauder  
  133  11:12  Marine x2  
  133  11:15  Marine  
  136  11:19  Marine  
  136  11:20  Marauder  
  136  11:21  Marine  
  137  11:26  Marine  
  137  11:27  Marine x2  
  137  11:31  Marauder  
  134  11:35  Marine  
  134  11:36  Marine  
  134  11:38  Marine  
  134  11:39  Marine, Terran Infantry Armor Level 3  
  119  11:41  Marine x2  
  119  11:42  Widow Mine x2, Marauder  
  119  11:45  Medivac  
  119  11:46  Medivac  
  124  11:47  Marine  
  124  11:50  Marine x2  
  124  11:52  Marauder  
  122  11:56  Marine x2  
  122  11:57  Marine x2  
  122  11:59  Marine x2  
  127  12:05  Unknown x2  
  127  12:08  Marine x2  
  127  12:09  Marine  
  127  12:12  Widow Mine x2, Marauder  
  127  12:15  Marine  
  137  12:17  Marine  
  137  12:19  Marine  
  137  12:20  Marine  
  137  12:21  Missile Turret, Marine  
  137  12:22  Missile Turret  
  141  12:24  Marine  
  141  12:27  Marine  
  141  12:28  Marine  
  141  12:29  Marine x2  
  137  12:32  Marine  
  137  12:33  Marine  
  137  12:35  Marine  
  137  12:36  Marine  
  125  12:38  Marine  
  125  12:41  Marine  
  125  12:42  Marine  
  125  12:43  Medivac  
  121  12:45  Marine  
  121  12:46  Marine  
  121  12:47  Marine  
  121  12:48  Marine  
  95  12:51  Marine  
  95  12:52  Marine  
  95  12:54  Marine  
  94  12:59  Marine  
  94  13:00  Widow Mine x2  
  94  13:01  Marine  
  94  13:03  Medivac  
  102  13:06  Marine  
  102  13:08  Marine  
  102  13:09  Marine  
  97  13:13  Medivac, Marine x2  
  93  13:21  Marine  
  93  13:23  Unknown  
  93  13:27  Marine  
  85  13:30  Marine  
  85  13:31  SCV  
  85  13:33  SCV  
  89  13:36  Orbital Command  
  89  13:39  Medivac, Marine  
  89  13:40  Marine  
  93  13:41  Marine  
  93  13:44  Marine  
  93  13:47  Marine x2  
  97  13:49  Marine  
  97  13:50  Marine  
  97  13:54  Widow Mine  
  97  13:55  Marine, SCV  
  102  14:01  Marine  
  102  14:02  SCV  
  105  14:09  Marine x2  
  107  14:13  Marine  
  107  14:15  Marine  
  109  14:17  Missile Turret, Marine  
  109  14:22  Medivac  
  112  14:24  Unknown, Marine  
  112  14:28  Marine  
  109  14:32  Marine  
  109  14:34  Marine  
  109  14:38  Marine x2  
  109  14:40  Widow Mine  
  109  14:41  Marine  
  109  14:44  Marine  
  110  14:51  Marine x2  
  110  14:52  Marine x2  
  95  14:55  SCV x2  
  95  14:57  Marauder  
  95  14:59  Marine  
  100  15:00  SCV  
  100  15:01  Marine  
  100  15:05  Marauder  
  104  15:07  Marine, SCV  
  104  15:09  Marine  
  104  15:10  Marine  
  104  15:12  Marine  
  106  15:16  Marine  
  106  15:19  Marine x3  
  108  15:22  Widow Mine x2  
  108  15:24  Marine  
  108  15:26  Marine  
  110  15:30  Marine x2  
  110  15:31  SCV  
  110  15:32  Marine  
  111  15:37  Marine x2  
  111  15:41  Marine  
  112  15:43  Marine  
  112  15:48  Marine x2  
  113  15:50  Marine  
  113  15:56  Medivac  
  107  15:57  Marine  
  107  15:58  SCV  
  107  16:03  Marine  
  109  16:07  Marine  
  110  16:11  Marine  
  110  16:13  Marine  
  110  16:16  Marine  
  110  16:17  Marine  
  111  16:24  Marine  
  101  16:26  Medivac x2, Marine  
  101  16:27  Widow Mine x2  
  101  16:30  Marine x2  
  112  16:32  Marine  
  112  16:33  Marine  
  112  16:38  Marine  
  115  16:42  Marine x2  
  115  16:43  Marine x2  
  115  16:44  Marine  
  120  16:48  Marine x2  
  120  16:51  Marine  
  117  16:55  Marine  
  117  17:00  Widow Mine, Marine x2  
  117  17:01  Widow Mine, Medivac  
  121  17:02  Medivac  
  121  17:05  Supply Depot  
  121  17:06  Supply Depot, Marauder  
  121  17:08  Marine  
  130  17:13  Missile Turret  
  130  17:14  Marine  
  130  17:15  Missile Turret  
  131  17:20  Marine  
  131  17:22  Marine  
  130  17:24  Marine  
  130  17:27  Marine  
  128  17:32  Marine, Orbital Command  
  128  17:40  Medivac  
  128  17:41  Marine  
  128  17:42  Marauder, Marine  
  128  17:43  Marauder, Marine x2  
  107  17:59  Marine  
  107  18:00  Marine  
  107  18:05  Marine x2  
  81  18:06  Marine  
  81  18:08  Marine x5  
  81  18:09  Widow Mine x2  
  81  18:10  Marauder  
  77  18:17  Marine  
  72  18:21  Marine  
  72  18:23  Marine x2  
  72  18:27  Marauder  
  72  18:30  Marine  
  72  18:31  Marine  
  72  18:32  Marauder, Marine  
  72  18:34  Marine  
  73  18:38  Medivac x2  
  73  18:39  Marine x2  
  78  18:42  Marine  
  78  18:44  Orbital Command  
  78  18:52  Marine  
  78  19:01  Marine  
  69  19:09  Marine  
Tags
 
Add a new tag
Caveats
  • Supply blocks, unpowered buildings, or Contaminate may cause inaccurate times.
  • Supply counts are checked every 10 seconds.